 Dungeon Crawl Stone Soup version 0.29-a0-231-g945431f764 (webtiles) character file.

Game seed: 16385132677434491117

8116 HotDog the Cleaver (level 11, -1/95 HPs)
             Began as a Minotaur Fighter on Mar 1, 2022.
             Was a Believer of Trog.
             Slain by a reaper
             ... wielding a +2 scythe of protection
              (22 damage)
             ... on level 2 of the Abyss.
             The game lasted 00:16:42 (12982 turns).

HotDog the Cleaver (Minotaur Fighter)              Turns: 12982, Time: 00:16:43

Health: -1/95      AC: 15    Str: 24    XL:     11   Next: 5%
Magic:  10/10      EV: 12    Int:  5    God:    Trog [**....]
Gold:   533        SH:  5    Dex: 11    Spells: 10/10 levels left

rFire   . . .      SeeInvis .   l - +1 war axe
rCold   . . .      Faith    .   c - +0 buckler
rNeg    . . .      Spirit   .   b - +0 scale mail
rPois   +          Reflect  .   h - +0 hat
rElec   .          Harm     .   C - +0 cloak
rCorr   .          Rampage  .   y - +0 pair of gloves
Will    .....                   (no boots)
Stlth   ..........              (no amulet)
HPRegen 0.25/turn               f - +4 ring of protection
MPRegen 0.12/turn               v - ring of poison resistance

@: no status effects
A: horns 2, retaliatory headbutt
a: Renounce Religion, Berserk, Trog's Hand


You were on level 2 of the Abyss.
You worshipped Trog.
Trog was pleased with you.
You visited 2 branches of the dungeon, and saw 12 of its levels.
You visited the Abyss 1 time.
You also visited: Sewer.

You collected 533 gold pieces.

Inventory:

Hand Weapons
 a - a +0 long sword
 l - a +1 war axe (weapon)
Missiles
 A - a throwing net
Armour
 b - a +0 scale mail (worn)
 c - a +0 buckler (worn)
 h - a +0 hat (worn)
 y - a +0 pair of gloves (worn)
 C - a +0 cloak (worn)
Jewellery
 f - a +4 ring of protection (left hand)
 k - a ring of protection from cold
 u - a +6 ring of intelligence
 v - a ring of poison resistance (right hand)
 H - a ring of protection from cold
 I - a ring of magical power
 J - a ring of positive energy
Wands
 p - a wand of iceblast (20)
 F - a wand of flame (83)
Scrolls
 d - a scroll of enchant armour
 e - 2 scrolls of immolation
 i - 2 scrolls of noise
 n - 3 scrolls of fog
 q - 8 scrolls of teleportation
 w - 5 scrolls of vulnerability
 z - 2 scrolls of blinking
 D - 2 scrolls of identify
 E - a scroll of magic mapping
Potions
 g - 2 potions of magic
 j - 2 potions of invisibility
 o - a potion of cancellation
 r - a potion of lignification
 s - 2 potions of haste
 t - 2 potions of curing
 x - a potion of heal wounds
 B - a potion of attraction {unknown}
 G - a potion of might
 K - a potion of flight {unknown}


   Skills:
 * Level 8.8 Fighting
 - Level 3.9 Long Blades
 * Level 12.5 Axes
 * Level 10.4 Armour
 * Level 5.9 Dodging
 * Level 7.7 Shields
 - Level 1.0 Invocations


You had 10 spell levels left.
You didn't know any spells.
Your spell library contained the following spells:

 Spells                   Type           Power      Damage    Failure   Level
 Scorch                   Fire           0%         2d5       91%         2
 Gell's Gravitas          Tloc           0%         N/A       99%         3
 Inner Flame              Hex/Fire       0%         N/A       99%         3
 Lesser Beckoning         Tloc           0%         N/A       99%         3
 Teleport Other           Tloc           0%         N/A       99%         3
 Borgnjor's Vile Clutch   Necr/Erth      0%         N/A       100%        5
 Lehudib's Crystal Spear  Conj/Erth      0%         10d2      100%        8


Dungeon Overview and Level Annotations

Branches:
Dungeon (11/15)            Temple (1/1) D:6            Lair (0/6) D:10
  Sewer (visited)
    Orc: D:9-12

Altars:
Ashenzari
Cheibriados
Dithmenos
Elyvilon
Fedhas
Gozag
Hepliaklqana
Kikubaaqudgha
Makhleb
Nemelex Xobeh
Okawaru
Qazlal
Ru
Sif Muna
Trog
Uskayaw
Vehumet
Wu Jian
Xom
Yredelemnul
Zin
The Shining One

Shops:
D:2 (

Annotations:
D:2 Robin
D:3 1 runed translucent door, Crazy Yiuf
D:6 1 runed translucent door, Loefaen's ghost, novice DjWz
D:11 Sonja


Innate Abilities, Weirdness & Mutations

You have a pair of horns on your head.
You reflexively headbutt those who attack you in melee.


Message History

You headbutt the gargoyle, but do no damage.
The gargoyle hurls a stone arrow at you.
The stone arrow misses you.
The stone arrow misses Sonja.
Sonja completely misses you. You furiously retaliate!
You headbutt Sonja! Sonja hits you but does no damage. Space warps around you.
Sonja closely misses you.
You are confused.
You feel invigorated.
You feel sick.
You are no longer poisoned.
Sonja hits you but does no damage. Space warps horribly around you!
Sonja hits you but does no damage. Space warps around you.
Sonja hits you but does no damage.
You are cast into the Abyss!
This branch contains the abyssal rune of Zot.
Okay, then.
You feel the effects of Trog's Hand fading.
You start resting.
You feel less invigorated.
You feel less confused.
Your skin stops crawling.
You feel less strong-willed.
You start resting.
A reaper comes into view.
It is wielding a +2 scythe of protection.
A small abomination comes into view.
You recover from your berserk rage.
The small abomination barely misses you.
The reaper barely misses you.
The small abomination barely misses you.
You furiously retaliate!
You headbutt the small abomination.
The reaper hits you with a +2 scythe of protection!!!
You closely miss the small abomination. You headbutt the small abomination.
The small abomination is lightly damaged.
You hit the reaper but do no damage.
You feel yourself speed up. The small abomination hits you!
* * * LOW HITPOINT WARNING * * *
The small abomination completely misses you.
You furiously retaliate!
You headbutt the small abomination. The reaper closely misses you.
An apocalypse crab comes into view.
The reaper hits you from afar with a +2 scythe of protection!!
You die...

. ### ...
####@##
.....##..##x###
#.........2..#
.........#....#
....###......##
... ........t.
. ........##..#
....#...#.# ..#
.......##.. .#


You could see a reaper, an apocalypse crab (wandering) and a small abomination.

Vanquished Creatures
  3 two-headed ogres
  Joseph (D:8)
  A kobold demonologist (D:9)
  A hornet (D:10)
  2 trolls
  Prince Ribbit (D:6)
  Sigmund (D:5)
  4 yaks
  A wyvern (D:8)
  2 wargs
  Menkaure (D:4)
  Duvessa (D:4)
  3 water moccasins
  A black bear (D:6)
  3 orc warriors
  A sky beast (D:6)
  An ogre (D:6)
  2 centaurs
  4 kobold brigands
  A bullfrog (D:8)
  3 scorpions
  9 wights
  Dowan (D:4)
  12 killer bees
  3 howler monkeys
  A hound (D:6)
  A jelly (D:8)
  6 orc priests
  Natasha (thrice) (D:3)
  11 orc wizards
  7 gnolls
  A river rat (Sewer)
  14 adders
  A shadow imp (D:7)
  2 white imps
  3 ufetubi
  6 worms
  A dart slug (D:1)
  28 orcs
  8 ball pythons
  8 endoplasms
  6 giant cockroaches
  10 goblins
  6 hobgoblins
  3 jackals (D:3)
  A quokka (D:3)
  6 bats
  8 frilled lizards
  21 kobolds
  15 rats
240 creatures vanquished.

Vanquished Creatures (others)
  A plant (D:10)
1 creature vanquished.

Grand Total: 241 creatures vanquished

Notes
Turn   | Place    | Note
-------+----------+-------------------------------------------
     0 | D:1      | HotDog the Minotaur Fighter began the quest for the Orb.
     0 | D:1      | Reached XP level 1. HP: 19/19 MP: 0/0
   326 | D:1      | Reached XP level 2. HP: 27/27 MP: 1/1
   663 | D:1      | Reached XP level 3. HP: 31/33 MP: 2/2
  1659 | D:2      | Noticed Robin
  1666 | D:2      | Reached XP level 4. HP: 32/40 MP: 3/3
  1710 | D:1      | Reached skill level 1 in Dodging
  2197 | D:2      | Reached skill level 1 in Invocations
  2264 | D:2      | Found a faded altar of an unknown god.
  2275 | D:2      | Found Xikos's Weapon Boutique.
  2506 | D:3      | Noticed Natasha
  2518 | D:3      | Killed Natasha
  2519 | D:3      | Reached XP level 5. HP: 20/46 MP: 4/4
  2637 | D:3      | Found a glowing drain.
  2642 | Sewer    | Entered a sewer
  2739 | Sewer    | Reached skill level 1 in Axes
  3298 | D:3      | Reached skill level 2 in Axes
  3357 | D:3      | Noticed Natasha
  3631 | D:3      | Killed Natasha
  3675 | D:3      | Found a runed translucent door.
  3676 | D:3      | Noticed Crazy Yiuf
  3768 | D:3      | Noticed Natasha
  3779 | D:3      | Killed Natasha
  3780 | D:3      | Reached XP level 6. HP: 45/53 MP: 5/5
  3928 | D:3      | Found a shimmering altar of Xom.
  4352 | D:4      | Noticed Menkaure
  4367 | D:4      | Killed Menkaure
  4368 | D:4      | Reached skill level 3 in Axes
  4368 | D:4      | Reached skill level 5 in Armour
  4463 | D:4      | Noticed Dowan
  4482 | D:4      | Noticed Duvessa
  4523 | D:5      | Entered Level 5 of the Dungeon
  4647 | D:5      | Noticed Sigmund
  4668 | D:5      | Killed Sigmund
  4669 | D:5      | Reached skill level 4 in Axes
  4669 | D:5      | Reached skill level 5 in Shields
  4669 | D:5      | Reached XP level 7. HP: 22/60 MP: 6/6
  5797 | D:6      | Noticed Prince Ribbit
  5808 | D:6      | Reached skill level 5 in Fighting
  5808 | D:6      | Reached skill level 5 in Axes
  5830 | D:6      | Killed Prince Ribbit
  6163 | D:6      | Reached XP level 8. HP: 64/68 MP: 7/7
  6435 | D:4      | Killed Dowan
  6443 | D:4      | Killed Duvessa
  6444 | D:4      | Reached skill level 6 in Axes
  6809 | D:4      | Got Zofoquh's Catalogue of the Arsonist and the Mountains
  7280 | D:6      | Found a staircase to the Ecumenical Temple.
  7286 | Temple   | Entered the Ecumenical Temple
  7427 | Temple   | Became a worshipper of Trog the Wrathful
  8501 | D:6      | Reached skill level 7 in Axes
  8908 | D:6      | Found a white marble altar of Elyvilon.
  9009 | D:6      | Found a runed translucent door.
  9021 | D:6      | Noticed Loefaen's ghost (novice DjWz)
  9245 | D:7      | Reached XP level 9. HP: 67/75 MP: 8/8
  9468 | D:7      | Reached * piety under Trog
  9690 | D:7      | Reached skill level 8 in Axes
 10074 | D:7      | Found a snail-covered altar of Cheibriados.
 10568 | D:8      | Noticed Joseph
 10580 | D:8      | Killed Joseph
 10581 | D:8      | Reached skill level 9 in Axes
 10824 | D:8      | Noticed a two-headed ogre
 10832 | D:8      | Killed a two-headed ogre
 10833 | D:8      | Reached skill level 10 in Axes
 10861 | D:8      | Noticed a two-headed ogre
 10868 | D:8      | Killed a two-headed ogre
 10869 | D:8      | Reached skill level 5 in Dodging
 10869 | D:8      | Reached XP level 10. HP: 86/86 MP: 9/9
 11183 | D:9      | Noticed a two-headed ogre
 11441 | D:9      | Killed a two-headed ogre
 11442 | D:9      | Reached skill level 11 in Axes
 11880 | D:9      | Reached ** piety under Trog
 11881 | D:9      | Reached skill level 10 in Armour
 12518 | D:9      | Noticed a sun demon
 12519 | D:9      | Reached skill level 12 in Axes
 12775 | D:10     | Entered Level 10 of the Dungeon
 12922 | D:10     | Found a staircase to the Lair.
 12933 | D:10     | Reached XP level 11. HP: 95/95 MP: 10/10
 12943 | D:11     | Noticed Sonja
 12947 | D:11     | Cast into level 2 of the Abyss (Sonja)
 12974 | Abyss:2  | Noticed a reaper
 12982 | Abyss:2  | Slain by a reaper

Illustrated notes

Levels and vault maps discovered:
D:1:      sevenhm_arrival_forest_fort_large_2, layout_basic
D:2:      layout_basic, hellmonk_ecumenical_altar_heavens_door, serial_shops,
          shop, uniq_robin
D:3:      layout_loops_ring, marbit_many_paths, gup_sewer_entry_bowl,
          uniq_crazy_yiuf_cottage, uniq_natasha
D:4:      layout_gridville, uniq_duvessa, uniq_menkaure
D:5:      layout_gridville, item_on_display_b, uniq_sigmund
D:6:      layout_loops_ring, mainiacjoe_overflow_boulevard,
          minmay_temple_entry_tees, ebering_ghost_sewer_d, uniq_prince_ribbit1
D:7:      layout_loops_ring, cheibrodos_worm_habitat
D:8:      layout_basic, uniq_joseph
D:9:      layout_roguey
D:10:     layout_roguey [special_room_bee], erik_lair_orcish_takeover,
          nicolae_two_hexagons, hangedman_minor_magic
D:11:     layout_cave_pools, david_orc_4, uniq_sonja
Temple:   mainiacjoe_temple_bowtie_tessellation
Abyss:2:  base: D:3, minivault_20

Skill      XL: |  1  2  3  4  5  6  7  8  9 10 |
---------------+-------------------------------+-----
Shields        | 4 5 6 7 |  7.7
Long Blades    | 3 |  3.9
Fighting       | 4 5 6 7 8 |  8.8
Armour         | 4 5 6 8 9 10 | 10.4
Dodging        | 1 2 3 5 |  5.9
Invocations    | 1 |  1.0
Axes           | 2 4 5 7 10 12 | 12.5

Action                   |  1- 3 |  4- 6 |  7- 9 | 10-12 || total
-------------------------+-------+-------+-------+-------++-------
Melee: Long sword        |   128 |    33 |       |       ||   161
       Headbutt          |    13 |    18 |    48 |    23 ||   102
       War axe           |       |   112 |   271 |   115 ||   498
Invok: Berserk           |       |       |     1 |     5 ||     6
       Trog's Hand       |       |       |       |     1 ||     1
  Use: Scroll            |     1 |     6 |     9 |       ||    16
       Potion            |       |     1 |     4 |     2 ||     7
Armor: Scale mail        |    78 |    89 |   133 |    70 ||   370
Dodge: Dodged            |    58 |    85 |   132 |    87 ||   362
Block: Buckler           |    33 |    28 |    68 |    39 ||   168

Table legend: (Time is in decaauts)
 A = Elapsed time spent in this place.
 B = Non-inter-level travel time spent in this place.
 C = Inter-level travel time spent in this place.
 D = Time resting spent in this place.
 E = Time spent auto-exploring this place.
 F = Levels seen in this place.
 G = Mean time per level.
                   A        B        C        D        E       F      G
               +--------+--------+--------+--------+--------+-----+--------+
         Total |  13270 |  12749 |    521 |   3981 |   7004 |  14 |  947.9 |
       Dungeon |  11563 |  11102 |    461 |   2977 |   6486 |  11 | 1051.2 |
        Temple |   1008 |    948 |     60 |    734 |    179 |   1 | 1008.0 |
         Abyss |     51 |     51 |      0 |     39 |      0 |   1 |   51.0 |
         Sewer |    645 |    645 |      0 |    231 |    338 |   1 |  645.0 |
               +--------+--------+--------+--------+--------+-----+--------+

Top non-repeatable levels by time:
     D:5: 1585 daAuts
     D:1: 1498 daAuts
     D:6: 1371 daAuts
     D:9: 1362 daAuts
     D:7: 1214 daAuts
     D:4: 1189 daAuts
     D:3: 1138 daAuts
     D:8: 1059 daAuts
  Temple: 1008 daAuts
     D:2: 976 daAuts
   Sewer: 645 daAuts
    D:10: 161 daAuts
 Abyss:2: 51 daAuts
    D:11: 5 daAuts
